Map: Rosebud LE

Players

Viktor

  • Race: Terran Terran
  • League: Silver
  • Spawn Location: 11:00

mors

  • Race: Protoss Protoss
  • Spawn Location: 11:00

Бабуин

  • Race: Zerg Zerg
  • Spawn Location: 11:00

Wlodziu - Winner!

  • Race: Zerg Zerg
  • Spawn Location: 5:00

Iceberg - Winner!

  • Race: Protoss Protoss
  • Spawn Location: 5:00

Leon - Winner!

  • Race: Zerg Zerg
  • League: Gold
  • Spawn Location: 5:00

VOD

Have the link to the VOD?

Description

Time

  • Played on: March 21, 2026, 3:55 p.m.
  • Length: 11:00
Show
View Real Time Build Order
Export as new Build Order

Viktor Terran 

Build Orders:  

Get SALT Encoding   

  12  0:01  SCV  
  13  0:13  SCV  
  14  0:22  Supply Depot  
  14  0:25  SCV  
  15  0:34  Refinery  
  15  0:41  Refinery  
  15  0:44  SCV  
  16  0:55  Barracks  
  16  1:11  SCV  
  17  1:23  SCV  
  18  1:35  SCV  
  19  1:44  Barracks Reactor  
  19  1:47  SCV  
  19  1:49  Engineering Bay  
  20  1:59  Factory, SCV  
  21  2:11  SCV  
  21  2:14  Supply Depot  
  22  2:23  SCV  
  23  2:32  Terran Infantry Weapons Level 1  
  23  2:36  Marine x2  
  25  2:37  Supply Depot  
  25  2:40  Barracks  
  25  2:44  Factory Tech Lab  
  25  2:58  Orbital Command  
  25  3:06  Marine  
  25  3:09  Marine  
  27  3:20  Siege Tank  
  30  3:35  Barracks Tech Lab  
  30  3:42  Barracks Reactor  
  30  3:48  Marine x2  
  32  3:56  Starport  
  32  4:24  Marine x4  
  33  4:27  Terran Infantry Armor Level 1  
  36  4:38  Starport Reactor  
  39  4:51  Armory  
  36  5:22  Medivac  
  38  5:43  Marine  
  39  5:58  Supply Depot  
  39  5:59  Supply Depot  
  39  6:19  Marine x3, Medivac x2  
  39  6:22  Supply Depot  
  46  6:34  Command Center  
  46  6:37  Marine x3  
  49  6:49  Medivac, Viking  
  49  6:52  Stimpack  
  53  6:55  Marine x2  
  55  7:10  SCV  
  55  7:12  Marine  
  57  7:19  Viking  
  60  7:22  SCV  
  60  7:30  Marine  
  60  7:35  SCV  
  62  7:49  Refinery  
  62  8:03  SCV  
  63  8:15  SCV  
  63  8:16  Refinery  
  63  8:17  Marine x2  
  63  8:18  Marine  
  67  8:27  SCV  
  67  8:31  Combat Shield  
  68  8:35  Marine x3  
  68  8:39  SCV  
  72  8:51  SCV  
  72  8:53  Marine x3  
  33  9:33  Marine x3  
Show
View Real Time Build Order
Export as new Build Order

mors Protoss 

Build Orders:  

Get SALT Encoding   

  12  0:13  Pylon  
  12  0:37  Gateway  
  12  0:49  Probe  
  12  0:52  Gateway  
  13  0:57  Probe  
  14  1:05  Pylon, Probe  
  15  1:14  Probe  
  16  1:23  Assimilator  
  16  1:34  Zealot  
  16  1:35  Forge  
  18  1:40  Assimilator  
  18  1:42  Probe  
  19  2:12  Photon Cannon  
  19  2:13  Pylon  
  19  2:20  Photon Cannon  
  19  2:23  Probe  
  20  2:35  Probe  
  21  2:47  Probe  
  22  2:59  Probe  
  22  3:01  Nexus  
  23  3:06  Assimilator  
  23  3:16  Zealot, Photon Cannon  
  25  3:23  Zealot  
  27  3:27  Probe  
  28  3:40  Protoss Ground Armor Level 1  
  28  3:49  Cybernetics Core  
  28  3:55  Pylon  
  28  4:27  Warp Gate  
  28  4:38  Pylon  
  28  4:40  Pylon  
  28  4:41  Pylon  
  28  4:50  Gateway  
  28  5:14  Twilight Council  
  28  5:26  Gateway x2  
  28  5:30  Gateway  
  28  5:33  Gateway  
  28  5:35  Gateway  
  28  5:41  Stalker  
  28  5:43  Stalker  
  32  5:51  Stalker  
  34  6:07  Probe  
  34  6:08  Templar Archives  
  35  6:15  Probe  
  35  6:23  Probe  
  36  6:30  Sentry x3  
  36  6:31  Sentry x2  
  47  6:37  Sentry  
  47  6:38  Probe  
  49  6:46  Probe  
  50  6:54  Assimilator, Probe  
  51  7:00  Probe  
  53  7:02  Probe  
  54  7:08  Sentry  
  54  7:09  Sentry  
  54  7:12  Probe  
  54  7:13  Probe  
  60  7:24  Probe  
  61  7:30  Probe  
  61  7:35  Probe  
  63  7:38  Probe  
  63  7:43  Probe  
  64  7:46  Probe, Protoss Shields Level 1  
  66  7:51  Probe  
  66  7:53  Sentry x2  
  66  7:57  Probe  
  72  8:03  Probe  
  72  8:04  Sentry  
  75  8:09  Probe  
  76  8:13  Sentry  
  76  8:15  Probe  
  79  8:38  Probe  
  80  8:51  Probe  
  81  9:13  Assimilator, Pylon  
  81  9:14  Assimilator  
  81  9:15  Psionic Storm  
  81  9:17  Nexus  
  81  9:18  Pylon  
  81  9:25  High Templar x2  
  85  9:37  Pylon x2  
  85  9:40  Pylon  
  85  9:42  High Templar x2  
  85  9:43  Pylon  
  89  10:23  High Templar x3  
  89  10:24  High Templar x3  
  89  10:25  High Templar  
  47  10:50  Archon x2  
Show
View Real Time Build Order
Export as new Build Order

Бабуин Zerg 

Build Orders: Pool Only 

Get SALT Encoding   

  12  0:07  Extractor  
  12  0:11  Extractor  
  10  0:37  Drone x2  
  10  0:38  Drone  
  13  1:04  Drone  
  14  1:06  Overlord  
  14  1:30  Drone x2  
  16  1:40  Spawning Pool  
  15  2:27  Queen  
  17  2:31  Metabolic Boost  
  17  2:33  Zergling x4  
  17  2:34  Zergling x2  
  20  3:18  Zergling x4  
  22  3:27  Overlord  
  22  4:03  Zergling x6  
  22  4:04  Zergling x4  
  20  5:14  Drone x2  
  20  5:15  Drone  
  23  5:37  Roach Warren  
  22  6:23  Burrow  
  22  6:34  Spine Crawler  
  21  7:22  Roach x3  
  27  7:33  Queen  
  29  7:48  Overlord x2  
  29  8:09  Queen  
  31  8:51  Roach x3  
  37  9:14  Zergling x6  
  40  9:18  Ravager  
  40  9:19  Ravager x4  
  45  9:36  Overlord x2  
  45  9:37  Overlord x2  
Show
View Real Time Build Order
Export as new Build Order

Wlodziu Zerg - Winner!

Build Orders: Hatch First 

Get SALT Encoding   

  12  0:00  Drone  
  13  0:14  Drone  
  13  0:18  Extractor, Drone  
  15  0:23  Overlord  
  15  0:41  Drone x2  
  17  0:56  Drone  
  17  0:57  Hatchery  
  17  1:00  Extractor  
  17  1:01  Drone  
  17  1:18  Spawning Pool, Drone  
  16  1:23  Drone  
  18  1:32  Drone  
  19  1:48  Overlord  
  19  2:09  Queen  
  19  2:11  Queen  
  19  2:12  Zergling x6  
  26  2:16  Metabolic Boost  
  26  2:35  Drone x3  
  26  2:36  Drone x2  
  31  2:46  Roach Warren  
  30  2:52  Overlord  
  30  2:56  Drone  
  31  3:09  Drone x2  
  31  3:10  Drone x2  
  35  3:16  Queen  
  37  3:21  Drone  
  37  3:22  Drone  
  39  3:35  Drone x3  
  39  3:36  Drone x2  
  44  3:43  Overlord  
  44  3:52  Extractor  
  42  3:57  Extractor  
  42  4:00  Extractor  
  40  4:13  Roach  
  40  4:14  Roach x3  
  48  4:17  Drone x3  
  48  4:18  Drone  
  52  4:35  Hatchery  
  51  4:39  Overlord x2  
  51  4:49  Overlord  
  51  4:53  Overlord  
  49  5:13  Lair  
  49  5:29  Drone x6, Evolution Chamber  
  49  5:32  Evolution Chamber  
  53  5:42  Roach  
  55  5:43  Roach x6  
  67  5:55  Spore Crawler  
  66  5:57  Spore Crawler  
  65  6:06  Zerg Missile Weapons Level 1, Zerg Ground Armor Level 1  
  65  6:11  Queen  
  65  6:12  Drone  
  65  6:13  Drone x2  
  70  6:29  Extractor  
  70  6:32  Extractor  
  68  6:37  Overlord x4  
  68  6:38  Overlord  
  68  6:39  Hydralisk Den  
  67  6:45  Drone  
  67  6:46  Drone x4  
  72  6:59  Infestation Pit  
  71  7:01  Drone  
  71  7:02  Drone x9  
  81  7:13  Muscular Augments  
  81  7:18  Pneumatized Carapace  
  81  7:20  Burrow  
  81  7:32  Hydralisk x3  
  81  7:35  Drone  
  81  7:36  Drone x2  
  90  7:37  Drone  
  91  7:47  Drone x4  
  91  7:48  Drone x2  
  97  8:06  Hydralisk x3  
  97  8:09  Overlord  
  103  8:15  Hive  
  103  8:16  Hatchery  
  103  8:17  Grooved Spines  
  102  8:22  Drone x3  
  102  8:23  Drone x2  
  108  8:38  Hydralisk x7  
  122  8:43  Overlord x2  
  116  9:13  Hatchery  
  116  9:16  Hydralisk x9  
  116  9:17  Hydralisk  
  135  9:47  Hydralisk  
  135  9:48  Hydralisk x7  
  145  10:24  Hydralisk  
  145  10:25  Hydralisk  
  145  10:26  Hydralisk x5  
Show
View Real Time Build Order
Export as new Build Order

Iceberg Protoss - Winner!

Build Orders:  

Get SALT Encoding   

  12  0:00  Probe  
  13  0:12  Probe  
  14  0:23  Pylon  
  14  0:25  Probe  
  15  0:37  Probe  
  16  0:45  Probe  
  17  0:55  Probe  
  18  1:07  Nexus  
  18  1:10  Probe  
  18  1:18  Probe  
  20  1:26  Probe  
  21  1:37  Pylon  
  21  1:38  Probe  
  22  1:50  Probe  
  23  2:02  Probe  
  24  2:11  Nexus  
  24  2:14  Assimilator  
  24  2:16  Gateway  
  24  2:18  Assimilator, Probe  
  24  2:22  Probe  
  25  2:29  Probe  
  26  2:30  Probe  
  28  2:37  Probe  
  28  2:40  Probe  
  30  2:45  Probe  
  31  2:53  Probe  
  31  2:57  Probe  
  33  3:05  Probe  
  34  3:06  Cybernetics Core  
  34  3:09  Probe  
  35  3:17  Assimilator, Probe  
  36  3:20  Assimilator  
  36  3:21  Probe  
  36  3:23  Probe  
  38  3:29  Probe  
  38  3:31  Probe  
  38  3:33  Probe  
  40  3:41  Probe x2  
  42  3:46  Stargate x2  
  43  3:51  Probe  
  43  3:53  Probe x2  
  46  3:59  Probe  
  46  4:05  Probe, Assimilator  
  46  4:09  Assimilator, Probe  
  48  4:11  Probe  
  48  4:14  Pylon  
  50  4:17  Probe, Pylon  
  50  4:21  Probe  
  50  4:23  Pylon, Stargate  
  52  4:32  Stargate  
  52  4:38  Void Ray  
  56  4:47  Fleet Beacon  
  56  4:53  Probe  
  57  5:01  Probe x2  
  63  5:09  Void Ray  
  63  5:11  Probe  
  63  5:13  Probe  
  63  5:14  Probe  
  70  5:15  Void Ray  
  70  5:18  Flux Vanes  
  70  5:20  Probe  
  74  5:25  Void Ray  
  74  5:26  Probe x2  
  74  5:28  Probe  
  82  5:37  Void Ray  
  82  5:38  Probe  
  82  5:42  Cybernetics Core, Forge  
  83  5:52  Protoss Air Weapons Level 1  
  83  6:01  Pylon  
  83  6:03  Pylon  
  83  6:04  Pylon  
  83  6:05  Protoss Shields Level 1, Pylon  
  83  6:06  Pylon  
  83  6:09  Pylon, Probe x2  
  85  6:19  Probe  
  85  6:21  Probe  
  85  6:22  Protoss Air Armor Level 1  
  85  6:25  Void Ray  
  99  6:26  Void Ray x2  
  99  6:31  Twilight Council  
  99  6:33  Probe x2  
  105  6:44  Void Ray  
  105  6:45  Probe x2  
  107  7:04  Nexus  
  107  7:06  Assimilator  
  107  7:10  Assimilator  
  107  7:12  Pylon  
  115  7:15  Stargate, Pylon  
  115  7:17  Stargate  
  115  7:19  Void Ray  
  115  7:20  Pylon  
  115  7:21  Void Ray  
  119  7:30  Void Ray  
  119  7:34  Pylon  
  119  7:38  Pylon x2  
  119  7:40  Pylon  
  119  7:41  Pylon  
  119  7:42  Pylon  
  119  7:43  Pylon  
  119  7:44  Void Ray  
  123  8:00  Protoss Air Weapons Level 2  
  123  8:05  Void Ray  
  131  8:06  Void Ray  
  131  8:11  Protoss Shields Level 2  
  131  8:19  Probe x3  
  135  8:20  Probe  
  139  8:31  Void Ray  
  143  8:36  Void Ray  
  143  8:48  Probe x3  
  150  8:49  Probe  
  150  8:50  Void Ray  
  159  9:00  Void Ray, Probe x2  
  159  9:01  Void Ray  
  165  9:12  Void Ray  
  165  9:16  Void Ray  
  173  9:28  Void Ray  
  181  9:49  Void Ray x2  
Show
View Real Time Build Order
Export as new Build Order

Leon Zerg - Winner!

Build Orders: Hatch First 

Get SALT Encoding   

  12  0:02  Drone  
  13  0:17  Overlord  
  13  0:23  Drone  
  14  0:35  Drone x2  
  16  0:39  Drone  
  17  0:57  Hatchery  
  17  1:02  Drone  
  17  1:04  Drone  
  17  1:05  Extractor  
  17  1:17  Spawning Pool  
  16  1:19  Drone  
  17  1:28  Drone  
  18  1:33  Drone  
  19  2:02  Drone  
  19  2:06  Zergling x4  
  22  2:09  Queen x2  
  26  2:18  Baneling Nest  
  26  2:20  Overlord  
  25  2:23  Drone x2  
  27  2:39  Metabolic Boost  
  27  2:55  Drone  
  27  2:56  Drone x5  
  33  3:00  Extractor  
  32  3:06  Overlord  
  32  3:08  Baneling x3  
  32  3:18  Spore Crawler  
  31  3:24  Drone x3  
  31  3:25  Drone  
  35  3:28  Baneling  
  35  3:37  Spore Crawler, Zergling x6  
  35  3:39  Zergling x2  
  38  3:56  Overlord  
  38  3:58  Drone x4  
  38  3:59  Drone  
  38  4:01  Drone  
  44  4:08  Lair  
  44  4:26  Extractor  
  44  4:29  Queen  
  45  4:37  Baneling x2  
  45  4:47  Zergling x14  
  52  5:30  Overlord  
  52  5:31  Overlord x2  
  52  5:32  Overlord  
  52  5:35  Extractor  
  51  5:37  Evolution Chamber, Hatchery  
  51  5:39  Evolution Chamber  
  48  5:44  Baneling  
  48  5:45  Baneling x4  
  48  5:46  Baneling x3  
  47  5:53  Centrifugal Hooks  
  47  5:55  Zergling x14  
  54  6:07  Zerg Ground Armor Level 1, Zerg Missile Weapons Level 1  
  54  6:09  Zergling x2  
  54  6:10  Zergling x12  
  61  6:24  Drone  
  61  6:25  Drone x5  
  67  6:53  Queen  
  69  6:58  Drone  
  69  6:59  Drone x11  
  81  7:07  Overseer  
  81  7:10  Pneumatized Carapace  
  81  7:28  Extractor  
  80  7:31  Spore Crawler, Extractor  
  80  7:35  Overlord  
  80  7:36  Overlord x4  
  78  7:58  Drone  
  78  7:59  Drone x4  
  78  8:00  Drone x9  
  92  8:08  Zergling x8  
  96  8:42  Hatchery  
  92  9:11  Spire  
  91  9:32  Zergling x2  
  91  9:33  Zergling x34  
  91  9:34  Zergling x6  
  112  9:44  Infestation Pit  
  111  9:50  Baneling  
  111  9:51  Baneling x16  
  111  9:52  Baneling x5  
  111  10:07  Queen  
  111  10:08  Drone  
  111  10:09  Drone x9  
  111  10:10  Drone x2  
  125  10:32  Mutalisk  
  125  10:33  Mutalisk x6  
  134  10:37  Overlord x5  
  134  10:38  Overlord x2  
  99  10:50  Extractor x2  
Tags
 
Add a new tag
Caveats
  • Supply blocks, unpowered buildings, or Contaminate may cause inaccurate times.
  • Supply counts are checked every 10 seconds.